 Dungeon Crawl Stone Soup version 0.23.2-1-ga50397a (webtiles) character file.

Game seed: 14520699199046773890

1773 funkygono the Thaumaturge (level 8, 0/42 HPs)
             Began as a Deep Elf Conjurer on Apr 27, 2019.
             Was a Believer of Ashenzari.
             Slain by a warg (11 damage)
             ... on level 7 of the Dungeon on May 1, 2019.
             The game lasted 00:26:10 (7806 turns).

funkygono the Thaumaturge (Deep Elf Conjurer)       Turns: 7806, Time: 00:26:10

Health: 0/42       AC:  8    Str:  5    XL:     8   Next: 80%
Magic:  0/24       EV: 14    Int: 27    God:    Ashenzari [**....]
Gold:   358        SH:  0    Dex: 15    Spells: 10/27 levels left

rFire    . . .     SeeInvis +   C - staff of wizardry (curse)
rCold    . . .     Gourm    .   (no shield)
rNeg     . . .     Faith    .   u - +1 robe of the Gloaming {Int+4 SInv} (curse)
rPois    +         Spirit   +   B - +0 helmet
rElec    .         Reflect  .   (no cloak)
rCorr    .         Harm     .   A - +1 pair of gloves
MR       .....                  k - +1 pair of boots
Stlth    +++.......             F - amulet of guardian spirit
HPRegen  0.14/turn              v - ring of wizardry
MPRegen  0.19/turn              w - ring of poison resistance

@: no status effects
A: no striking features
a: Curse Item, Scrying, Renounce Religion


You were on level 7 of the Dungeon.
You worshipped Ashenzari.
Ashenzari was pleased with you.
You were very hungry.

You visited 2 branches of the dungeon, and saw 9 of its levels.
You also visited: Sewer.

You collected 358 gold pieces.

Inventory:

Hand Weapons
 b - a +1 dagger of freezing
 e - a +1 short sword
 E - the +7 dagger of Action {freeze, rElec rPois rF+++ Int-3}
   (You found it on level 7 of the Dungeon)

   It has been specially enchanted to freeze those struck by it, causing extra
   injury to most foes and up to half again as much damage against particularly
   susceptible opponents.
   It can also slow down cold-blooded creatures.
   It affects your intelligence (-3).
   It renders you almost immune to fire.
   It insulates you from electricity.
   It protects you from poison.
Missiles
 j - 110 arrows
Armour
 a - a +0 robe
 k - a +1 pair of boots (worn)
 o - a +0 scale mail
 t - a +0 leather armour
 u - the cursed +1 robe of the Gloaming (worn) {Int+4 SInv}
   (You found it on level 4 of the Dungeon)

   It affects your intelligence (+4).
   It lets you see invisible.
   It has a curse placed upon it.
 z - a +0 pair of gloves
 A - a +1 pair of gloves (worn)
 B - a +0 helmet (worn)
Magical Staves
 C - a cursed staff of wizardry (weapon)
Jewellery
 v - a ring of wizardry (left hand)
 w - a ring of poison resistance (right hand)
 F - an amulet of guardian spirit (around neck)
 H - an uncursed ring of stealth
Wands
 p - a wand of enslavement (5)
 y - a wand of flame (16)
 D - a wand of digging (5)
Scrolls
 d - 4 scrolls of remove curse
 m - 5 scrolls of teleportation
 G - a scroll of enchant weapon
Potions
 f - 2 potions of heal wounds
 g - 2 potions of might
 h - a potion of agility
 i - 2 potions of cancellation
 l - a potion of ambrosia
 n - 3 potions of brilliance
 q - 3 potions of flight
 r - 2 potions of curing
 s - 2 potions of haste {unknown}
 x - a potion of berserk rage {unknown}
Comestibles
 c - 14 rations
 I - a chunk of flesh


   Skills:
 + Level 0.4 Fighting
 + Level 0.7 Short Blades
 * Level 3.7 Dodging
 + Level 4.2 Stealth
 * Level 10.2(12.3) Spellcasting
 + Level 9.0 Conjurations
 * Level 2.8 Hexes


You had 10 spell levels left.
You knew the following spells:

 Your Spells              Type           Power        Failure   Level  Hunger
a - Magic Dart            Conj           ####         1%          1    None
b - Searing Ray           Conj           ######       1%          2    None
c - Iskenderun's Mystic   Conj           ######..     1%          4    None
d - Fulminant Prism       Conj/Hex       #####.....   1%          4    None
e - Dazzling Spray        Conj/Hex       #####.       1%          3    None
f - Infusion              Chrm           ###.         1%          1    None
g - Song of Slaying       Chrm           ###.....     1%          2    None

Your spell library contained the following spells:

 Spells                   Type           Power        Failure   Level  Hunger
 Blink                    Tloc           N/A          1%          2    None
 Call Imp                 Summ           ###.....     1%          2    None
 Shroud of Golubria       Chrm/Tloc      ###.......   1%          2    None
 Slow                     Hex            ####....     1%          2    None
 Conjure Flame            Conj/Fire      #####...     1%          3    None
 Mephitic Cloud           Conj/Pois/Air  ####....     1%          3    None
 Spectral Weapon          Hex/Chrm       ###.....     1%          3    None
 Force Lance              Conj/Tloc      #####...     1%          4    None
 Regeneration             Chrm/Necr      ###.......   2%          3    None


Dungeon Overview and Level Annotations

Branches:
Dungeon (8/15)             Temple (1/1) D:5
   Lair: D:8-11

Altars:
Ashenzari
Cheibriados
Dithmenos
Elyvilon
Fedhas
Gozag
Hepliaklqana
Kikubaaqudgha
Makhleb
Nemelex Xobeh
Okawaru
Ru
Sif Muna
Trog
Uskayaw
Vehumet
Wu Jian
Xom
Yredelemnul
Zin
The Shining One


Message History

Confirm with . or Enter, or press ? or * to list all spells.
Aiming: Magic Dart (safe; 1% risk of failure)
Press: ? - help, Shift-Dir - straight line, f - warg
Aim: a warg (heavily wounded)
The magic dart hits the warg but does no damage.
The warg is heavily wounded.
The warg barely misses you.
Okay, then.
Casting: Magic Dart (safe; 1% risk of failure)
Confirm with . or Enter, or press ? or * to list all spells.
Aiming: Magic Dart (safe; 1% risk of failure)
Press: ? - help, Shift-Dir - straight line, f/p - warg
Aim: a warg (heavily wounded)
The magic dart hits the warg.
The warg is severely wounded.
The warg misses you.
You completely miss the warg.
The warg is severely wounded.
The warg bites you!
You die...

#.# #.# ###.# #.# #...# #.# #..##
##.######### ###.########
###..(.......#
....##.>...#####............#
....##.....#.....#..........#
....##.....#.#####..........#####
....##.........h@....)...........
.............#######.....########
....##.........#####.....# #
.......#####.......#.....#### #
##..##....######...#........#####
##..##.##.)..####.......[>.......
#...##.....#.(##................#
#.#.####......##.##.............#
#...# ###.......###.............


You could see a warg.

Vanquished Creatures
  A hungry ghost (D:6)
  A water moccasin (D:6)
  5 ogres
  2 big kobolds (Sewer)
  A crimson imp (D:5)
  A centaur zombie (D:6)
  10 orc wizards
  7 orc priests
  A hound (D:5)
  An iguana (D:5)
  Terence (D:3)
  4 worker ants
  A hound skeleton (D:4)
  A howler monkey skeleton (D:6)
  7 adders
  A shadow imp (D:5)
  4 worms
  A dart slug (D:1)
  6 leopard geckos
  28 orcs
  8 giant cockroaches
  3 goblins
  9 hobgoblins
  11 jackals
  4 quokkas
  4 ball pythons
  7 bats
  4 frilled lizards
  7 kobolds
  12 rats
153 creatures vanquished.

Vanquished Creatures (others)
  3 fulminant prisms
3 creatures vanquished.

Grand Total: 156 creatures vanquished

Notes
Turn   | Place    | Note
-------+----------+-------------------------------------------
     0 | D:1      | funkygono the Deep Elf Conjurer began the quest for the
                  | Orb.
     0 | D:1      | Reached XP level 1. HP: 10/10 MP: 6/6
   202 | D:1      | Reached XP level 2. HP: 7/15 MP: 4/8
   240 | D:1      | Learned a level 2 spell: Searing Ray
   465 | D:1      | Found a shattered altar of Ashenzari.
   522 | D:1      | Reached skill level 5 in Conjurations
  1030 | D:1      | Became a worshipper of Ashenzari the Shackled
  1044 | D:1      | Reached XP level 3. HP: 19/19 MP: 7/9
  2091 | D:2      | Reached XP level 4. HP: 24/24 MP: 7/11
  2100 | D:2      | Learned a level 4 spell: Iskenderun's Mystic Blast
  2328 | D:3      | Reached * piety under Ashenzari
  2459 | D:3      | Noticed Terence
  2466 | D:3      | Killed Terence
  2466 | D:3      | Reached skill level 4 in Spellcasting
  2610 | D:3      | Reached XP level 5. HP: 27/28 MP: 4/13
  2622 | D:3      | Learned a level 4 spell: Fulminant Prism
  2788 | D:3      | Reached skill level 5 in Spellcasting
  3157 | D:3      | Found a faded altar of an unknown god.
  3371 | D:4      | Learned a level 3 spell: Dazzling Spray
  3391 | D:4      | Found a glowing drain.
  3569 | Sewer    | Entered a sewer
  3768 | Sewer    | Reached XP level 6. HP: 21/32 MP: 4/16
  3980 | Sewer    | Reached skill level 6 in Spellcasting
  4435 | D:4      | Got the cursed robe of the Gloaming {Int+4 SInv}
  4446 | D:4      | Identified the cursed +1 robe of the Gloaming {Int+4 SInv}
                  | (You found it on level 4 of the Dungeon)
  4551 | D:5      | Entered Level 5 of the Dungeon
  4572 | D:5      | Reached XP level 7. HP: 36/36 MP: 13/19
  4767 | D:5      | Reached skill level 7 in Spellcasting
  4896 | D:5      | Found a staircase to the Ecumenical Temple.
  4903 | Temple   | Entered the Ecumenical Temple
  5676 | D:5      | Reached skill level 8 in Spellcasting
  5819 | D:5      | Found a burning altar of Makhleb.
  5947 | D:5      | Found a blossoming altar of Fedhas.
  6047 | D:6      | Reached XP level 8. HP: 33/42 MP: 14/22
  6098 | D:6      | Reached ** piety under Ashenzari
  6241 | D:6      | Reached skill level 1 in Hexes
  6325 | D:6      | Reached skill level 9 in Spellcasting
  6632 | D:6      | Found an ornate altar of the Wu Jian Council.
  6632 | D:6      | Found a shattered altar of Ashenzari.
  6775 | D:6      | Found an iron altar of Okawaru.
  7276 | D:7      | Reached skill level 10 in Spellcasting
  7291 | D:7      | Identified the +7 dagger of Action {freeze, rElec rPois
                  | rF+++ Int-3}
  7523 | D:7      | Found a bloodstained altar of Trog.
  7525 | D:7      | Found a deep blue altar of Sif Muna.
  7527 | D:7      | Found a radiant altar of Vehumet.
  7533 | D:7      | Found a sparkling altar of Nemelex Xobeh.
  7540 | D:7      | Found a hide-covered altar of Uskayaw.
  7541 | D:7      | Found a shimmering altar of Xom.
  7737 | D:7      | Learned a level 1 spell: Infusion
  7740 | D:7      | Learned a level 2 spell: Song of Slaying
  7806 | D:7      | Slain by a warg

Skill      XL: |  1  2  3  4  5  6  7  8 |
---------------+-------------------------+-----
Conjurations   | 5 6 7 8 9 |  9.0
Spellcasting   | 4 5 6 8 10 | 10.2
Stealth        | 3 4 |  4.2
Hexes          | 2 |  2.8
Dodging        | 3 |  3.7
Fighting       | |  0.4
Short Blades   | |  0.7

Action                   |  1- 3 |  4- 6 |  7- 9 || total
-------------------------+-------+-------+-------++-------
Melee: Short sword       |     1 |    25 |       ||    26
       Staff             |       |       |    12 ||    12
       Dagger            |       |       |     1 ||     1
 Cast: Magic Dart        |    72 |    99 |   105 ||   276
       Searing Ray       |     6 |    19 |    19 ||    44
       Dazzling Spray    |       |     1 |     3 ||     4
       Fulminant Prism   |       |       |     3 ||     3
       Iskenderun's Myst |       |       |     1 ||     1
       Infusion          |       |       |     1 ||     1
       Song of Slaying   |       |       |     1 ||     1
Invok: Scrying           |       |     1 |       ||     1
  Use: Scroll            |       |     9 |     6 ||    15
  Eat: Chunk             |     4 |     7 |    11 ||    22
Armor: Robe              |     3 |    10 |    11 ||    24
Dodge: Dodged            |    12 |    39 |    37 ||    88
